| TOP OF THE 1ST |
|
Greenville Drive batting - Pitching for Lansing Lugnuts : RHP Danny Walker
|
|
Pitching: RHP Danny Walker
|
|
|
Batting: LHB John Buff
|
0-0: Ball 1-0: Ground out 5-3 (Groundball, 56, EV 105.6 MPH)
|
|
Batting: SHB Robert Soto
|
0-0: Called Strike 0-1: Ball 1-1: Foul Ball, location: 2F 1-2: Ball 2-2: Ball 3-2: Base on Balls
|
|
Batting: LHB Carlos Guerra
|
0-0: Called Strike 0-1: Ball 1-1: Fly out, F8 (Flyball, 8LD, EV 97.5 MPH)
|
|
Batting: LHB Danny Montoya
|
0-0: Called Strike 0-1: Ball 1-1: Foul Ball, location: 2F 1-2: Fly out, F8 (Line Drive, 89M, EV 92.5 MPH)
|
| Top of the 1st over - 0 runs, 0 hits, 0 errors, 1 left on base; Greenville 0 - Lansing 0 |
| BOTTOM OF THE 1ST |
|
Lansing Lugnuts batting - Pitching for Greenville Drive : LHP Rob Hymowitz
|
|
Pitching: LHP Rob Hymowitz
|
|
|
Batting: RHB Scott Travis
|
0-0: Ball 1-0: Called Strike 1-1: Foul Ball, location: 2F 1-2: Ball 2-2: SINGLE (Groundball, P, EV 83.8 MPH) (infield hit)
|
|
Batting: LHB Roger Escareno
|
0-0: Called Strike Scott Travis is caught stealing 2nd base 2-6 0-1: Foul Ball, location: 2F 0-2: Ground out 6-3 (Groundball, 6, EV 97.5 MPH)
|
|
Batting: RHB John Michener
|
0-0: Ball 1-0: Foul Ball, location: 2F 1-1: Ball 2-1: Foul Ball, location: 2F 2-2: Foul Ball, location: 2F 2-2: Ball 3-2: Fly out, F8 (Flyball, 8LD, EV 90.6 MPH)
|
| Bottom of the 1st over - 0 runs, 1 hit, 0 errors, 0 left on base; Greenville 0 - Lansing 0 |
| TOP OF THE 2ND |
|
Greenville Drive batting - Pitching for Lansing Lugnuts : RHP Danny Walker
|
|
Batting: RHB Alex Cardenas
|
0-0: Ball 1-0: SINGLE (Line Drive, 6MD, EV 98.1 MPH)
|
|
Batting: RHB Tony Nunez
|
0-0: Foul Ball, location: 2F 0-1: Ball 1-1: Ball 2-1: DOUBLE (Line Drive, 78M, EV 108.8 MPH) Alex Cardenas to third
|
|
Batting: RHB Bobby Schimke
|
0-0: Swinging Strike 0-1: Called Strike 0-2: Strikes out swinging
|
|
Batting: RHB Ted Emmerich
|
0-0: Ball 1-0: SINGLE (Groundball, 34D, EV 102.5 MPH) Alex Cardenas scores Tony Nunez to third Runner from 3rd tries for Home, throw by RF and OUT! 9-2
|
|
Batting: RHB Roger Mitchell
|
0-0: Ball 1-0: Swinging Strike 1-1: Foul Ball, location: 2F 1-2: Strikes out swinging
|
| Top of the 2nd over - 1 run, 3 hits, 0 errors, 1 left on base; Greenville 1 - Lansing 0 |
| BOTTOM OF THE 2ND |
|
Lansing Lugnuts batting - Pitching for Greenville Drive : LHP Rob Hymowitz
|
|
Batting: RHB Raul de la Cruz
|
0-0: Ball 1-0: Fly out, F8 (Line Drive, 8LM, EV 87.5 MPH)
|
|
Batting: RHB John Hering
|
0-0: Ball 1-0: Ball 2-0: Ground out 6-3 (Groundball, P, EV 81.9 MPH)
|
|
Batting: RHB Jamie Ogilvie
|
0-0: Ball 1-0: Fly out, F7 (Flyball, 7, EV 86.9 MPH)
|
| Bottom of the 2nd over - 0 runs, 0 hits, 0 errors, 0 left on base; Greenville 1 - Lansing 0 |
| TOP OF THE 3RD |
|
Greenville Drive batting - Pitching for Lansing Lugnuts : RHP Danny Walker
|
|
Batting: LHB John Buff
|
0-0: Called Strike 0-1: Ground out U3 (Groundball, 3L, EV 106.2 MPH)
|
|
Batting: SHB Robert Soto
|
0-0: Swinging Strike 0-1: Foul Ball, location: 2F 0-2: Ball 1-2: Foul Ball, location: 2F 1-2: Strikes out swinging, 2-3 out at first.
|
|
Batting: LHB Carlos Guerra
|
0-0: Swinging Strike 0-1: Foul Ball, location: 2F 0-2: Ground out 5-3 (Groundball, 56, EV 110.6 MPH)
|
| Top of the 3rd over - 0 runs, 0 hits, 0 errors, 0 left on base; Greenville 1 - Lansing 0 |
| BOTTOM OF THE 3RD |
|
Lansing Lugnuts batting - Pitching for Greenville Drive : LHP Rob Hymowitz
|
|
Batting: LHB Frank Nelson
|
0-0: Ball 1-0: Foul Ball, location: 2F 1-1: Called Strike 1-2: Foul Ball, location: 2F 1-2: Strikes out swinging
|
|
Batting: RHB Jose Ontiveros
|
0-0: Ball 1-0: Ball 2-0: Foul Ball, location: 2F 2-1: Swinging Strike 2-2: Strikes out swinging
|
|
Batting: RHB Shunsuke Shiba Inu
|
0-0: Ball 1-0: Ground out 6-3 (Groundball, 6, EV 86.9 MPH)
|
| Bottom of the 3rd over - 0 runs, 0 hits, 0 errors, 0 left on base; Greenville 1 - Lansing 0 |
| TOP OF THE 4TH |
|
Greenville Drive batting - Pitching for Lansing Lugnuts : RHP Danny Walker
|
|
Batting: LHB Danny Montoya
|
0-0: Foul Ball, location: 2F 0-1: Ball 1-1: Ball 2-1: Ball 3-1: Foul Ball, location: 2F 3-2: Fly out, F8 (Flyball, 78D, EV 94.4 MPH)
|
|
Batting: RHB Alex Cardenas
|
0-0: Swinging Strike 0-1: SINGLE (Groundball, 34D, EV 98.8 MPH)
|
|
Batting: RHB Tony Nunez
|
0-0: Called Strike 0-1: DOUBLE (Flyball, 89D, EV 93.1 MPH) Alex Cardenas to third
|
|
Batting: RHB Bobby Schimke
|
0-0: Called Strike 0-1: Foul Ball, location: 2F 0-2: Foul Ball, location: 2F 0-2: Ball 1-2: Ball 2-2: Fly out, F8 (Flyball, 8RM, EV 85.0 MPH)
|
|
Batting: RHB Ted Emmerich
|
0-0: Ball 1-0: Fly out, F9 (Flyball, 9, EV 80.0 MPH)
|
| Top of the 4th over - 0 runs, 2 hits, 0 errors, 2 left on base; Greenville 1 - Lansing 0 |
| BOTTOM OF THE 4TH |
|
Lansing Lugnuts batting - Pitching for Greenville Drive : LHP Rob Hymowitz
|
|
Batting: RHB Scott Travis
|
0-0: Ball 1-0: Ball 2-0: Ball 3-0: Base on Balls
|
|
Batting: LHB Roger Escareno
|
0-0: Ball 1-0: Fielders Choice at 2nd, 1-4 (Groundball, 15S, EV 70.0 MPH)
|
|
Batting: RHB John Michener
|
0-0: Ball 1-0: Called Strike 1-1: Foul Ball, location: 2F 1-2: Foul Ball, location: 2F 1-2: SINGLE (Flyball, 78S, EV 90.6 MPH) Roger Escareno to second
|
|
Batting: RHB Raul de la Cruz
|
0-0: Called Strike 0-1: Ball 1-1: Fielders Choice at 2nd, 4-6 (Groundball, 34, EV 103.8 MPH) Roger Escareno to third
|
|
Batting: RHB John Hering
|
0-0: Called Strike 0-1: Ball 1-1: Foul Ball, location: 2F 1-2: Foul Ball, location: 2F 1-2: Ball 2-2: Foul Ball, location: 2F 2-2: Foul Ball, location: 2F 2-2: SINGLE (Groundball, 6M, EV 108.1 MPH) (infield hit) Roger Escareno scores Raul de la Cruz to second
|
|
Batting: RHB Jamie Ogilvie
|
0-0: Ball 1-0: Ball 2-0: Ground out 4-3 (Groundball, 4, EV 80.6 MPH)
|
| Bottom of the 4th over - 1 run, 2 hits, 0 errors, 2 left on base; Greenville 1 - Lansing 1 |
| TOP OF THE 5TH |
|
Greenville Drive batting - Pitching for Lansing Lugnuts : RHP Danny Walker
|
|
Batting: RHB Roger Mitchell
|
0-0: Ball 1-0: Foul Ball, location: 2F 1-1: Ball 2-1: SINGLE (Flyball, 8LS, EV 98.8 MPH)
|
|
Batting: LHB John Buff
|
0-0: Called Strike 0-1: Ball 1-1: Fly out, F7 (Flyball, 7, EV 79.4 MPH)
|
|
Batting: SHB Robert Soto
|
0-0: Called Strike 0-1: Ball 1-1: Fly out, F7 (Flyball, 78M, EV 86.9 MPH)
|
|
Batting: LHB Carlos Guerra
|
0-0: Ball 1-0: Foul Ball, location: 2F 1-1: Ball 2-1: Called Strike Roger Mitchell is caught stealing 2nd base 2-6
|
| Top of the 5th over - 0 runs, 1 hit, 0 errors, 0 left on base; Greenville 1 - Lansing 1 |
| BOTTOM OF THE 5TH |
|
Lansing Lugnuts batting - Pitching for Greenville Drive : LHP Rob Hymowitz
|
|
Batting: LHB Frank Nelson
|
0-0: Ball 1-0: Ball 2-0: Ball 3-0: Base on Balls
|
|
Batting: RHB Jose Ontiveros
|
0-0: Called Strike 0-1: Ball 1-1: SINGLE (Groundball, 6MD, EV 96.9 MPH) Frank Nelson to second
|
|
Batting: RHB Shunsuke Shiba Inu
|
0-0: Called Strike 0-1: Ball Wild Pitch! Frank Nelson to third Jose Ontiveros to second 1-1: Ball 2-1: Foul Ball, location: 2F 2-2: Strikes out swinging
|
|
Batting: RHB Scott Travis
|
0-0: Ball Wild Pitch! Frank Nelson scores Jose Ontiveros to third 1-0: Called Strike 1-1: Fly out, F7 (Line Drive, 7LS, EV 98.8 MPH)
|
|
Batting: LHB Roger Escareno
|
0-0: Foul Ball, location: 2F 0-1: Foul Ball, location: 2F 0-2: Strikes out looking
|
| Bottom of the 5th over - 1 run, 1 hit, 0 errors, 1 left on base; Greenville 1 - Lansing 2 |
| TOP OF THE 6TH |
|
Greenville Drive batting - Pitching for Lansing Lugnuts : RHP Danny Walker
|
|
Batting: LHB Carlos Guerra
|
0-0: Ball 1-0: Ball 2-0: Ball 3-0: Base on Balls
|
|
Batting: LHB Danny Montoya
|
0-0: Fly out, F8 (Flyball, 8RD, EV 99.4 MPH)
|
|
Batting: RHB Alex Cardenas
|
0-0: Called Strike Balk! Carlos Guerra to second 0-1: Called Strike 0-2: Foul Ball, location: 2F 0-2: Strikes out looking
|
|
Batting: RHB Tony Nunez
|
0-0: Ball 1-0: Ground out 4-3 (Groundball, 4M, EV 90.6 MPH)
|
| Top of the 6th over - 0 runs, 0 hits, 0 errors, 1 left on base; Greenville 1 - Lansing 2 |
| BOTTOM OF THE 6TH |
|
Lansing Lugnuts batting - Pitching for Greenville Drive : LHP Rob Hymowitz
|
|
Batting: RHB John Michener
|
0-0: Ball 1-0: Ball 2-0: Foul Ball, location: 2F 2-1: Called Strike 2-2: Foul Ball, location: 2F 2-2: Ball 3-2: Base on Balls
|
|
Batting: RHB Raul de la Cruz
|
0-0: Swinging Strike 0-1: DOUBLE (Line Drive, 9LM, EV 108.1 MPH) John Michener to third
|
|
Batting: RHB John Hering
|
0-0: Ball 1-0: Called Strike 1-1: Foul Ball, location: 2F 1-2: Ball 2-2: TRIPLE (Line Drive, 78XD, EV 105.6 MPH) John Michener scores Raul de la Cruz scores
|
|
Pitching: RHP Jon Olivo
|
|
|
Batting: RHB Jamie Ogilvie
|
0-0: Ball 1-0: Ball 2-0: Ball 3-0: Base on Balls
|
|
Batting: LHB Frank Nelson
|
0-0: Fielders Choice at 2nd, 3-6 (Groundball, 3, EV 92.5 MPH) John Hering scores
|
|
Batting: RHB Jose Ontiveros
|
0-0: Called Strike 0-1: SINGLE (Groundball, 6, EV 98.8 MPH) Frank Nelson to second
|
|
Batting: RHB Shunsuke Shiba Inu
|
0-0: Ball 1-0: Ball 2-0: Foul Ball, location: 2F 2-1: Grounds into double play, 5-4-3 (Groundball, 56, EV 99.4 MPH)
|
| Bottom of the 6th over - 3 runs, 3 hits, 0 errors, 1 left on base; Greenville 1 - Lansing 5 |
| TOP OF THE 7TH |
|
Greenville Drive batting - Pitching for Lansing Lugnuts : RHP Danny Walker
|
|
Now at 2B: Dylan Phillips
|
|
|
Now in RF: Julio Canseco
|
|
|
Batting: RHB Bobby Schimke
|
0-0: Called Strike 0-1: Ball 1-1: Swinging Strike 1-2: Foul Ball, location: 2F 1-2: SINGLE (Groundball, 4MD, EV 102.5 MPH)
|
|
Batting: RHB Ted Emmerich
|
0-0: Ball 1-0: Called Strike 1-1: Called Strike 1-2: Foul Ball, location: 2F 1-2: SINGLE (Line Drive, 7S, EV 97.5 MPH) Bobby Schimke to second
|
|
Batting: RHB Roger Mitchell
|
0-0: Grounds into double play, 4-6-3 (Groundball, 4, EV 86.9 MPH) Bobby Schimke to third
|
|
Batting: LHB John Buff
|
0-0: Ground out 6-3 (Groundball, 6, EV 105.6 MPH)
|
| Top of the 7th over - 0 runs, 2 hits, 0 errors, 1 left on base; Greenville 1 - Lansing 5 |
| BOTTOM OF THE 7TH |
|
Lansing Lugnuts batting - Pitching for Greenville Drive : RHP Jon Olivo
|
|
Batting: RHB Scott Travis
|
0-0: Ball 1-0: Called Strike 1-1: Fly out, F9 (Flyball, 89M, EV 75.6 MPH)
|
|
Batting: LHB Roger Escareno
|
0-0: Called Strike 0-1: Ball 1-1: Swinging Strike 1-2: Ball 2-2: Foul Ball, location: 2F 2-2: SINGLE (Groundball, 34D, EV 98.1 MPH)
|
|
Batting: RHB John Michener
|
0-0: Ball 1-0: Ball Wild Pitch! Roger Escareno to second 2-0: Ball 3-0: Base on Balls
|
|
Batting: RHB Raul de la Cruz
|
0-0: Swinging Strike 0-1: Ball 1-1: Ball 2-1: Fielders Choice at 2nd, 3-6 (Groundball, 3, EV 82.5 MPH) Roger Escareno to third
|
|
Batting: RHB John Hering
|
0-0: Called Strike 0-1: Ball 1-1: Called Strike 1-2: Ball 2-2: Foul Ball, location: 2F 2-2: Strikes out swinging
|
| Bottom of the 7th over - 0 runs, 1 hit, 0 errors, 2 left on base; Greenville 1 - Lansing 5 |
| TOP OF THE 8TH |
|
Greenville Drive batting - Pitching for Lansing Lugnuts : RHP Danny Walker
|
|
Now in LF: Timo Gomez
|
|
|
Batting: SHB Robert Soto
|
0-0: Ball 1-0: Ball 2-0: Foul Ball, location: 2F 2-1: SINGLE (Groundball, 4MD, EV 100.0 MPH)
|
|
Batting: LHB Carlos Guerra
|
0-0: Swinging Strike 0-1: Foul Ball, location: 2F 0-2: Strikes out swinging
|
|
Pitching: RHP Bill Couch
|
|
|
Batting: LHB Danny Montoya
|
0-0: Called Strike 0-1: Ball 1-1: SINGLE (Line Drive, 34, EV 98.8 MPH) Robert Soto to second
|
|
Batting: RHB Alex Cardenas
|
0-0: Ball 1-0: Fielders Choice at 2nd, 1-4 (Groundball, 15S, EV 71.9 MPH) Robert Soto to third
|
|
Pinch Hitting: LHB Eddie Contreras
|
0-0: Foul Ball, location: 2F 0-1: Ball 1-1: Swinging Strike 1-2: Strikes out swinging
|
| Top of the 8th over - 0 runs, 2 hits, 0 errors, 2 left on base; Greenville 1 - Lansing 5 |
| BOTTOM OF THE 8TH |
|
Lansing Lugnuts batting - Pitching for Greenville Drive : RHP Jon Olivo
|
|
Pitching: RHP Adrian Colorado
|
|
|
Now at 1B: Eddie Contreras
|
|
|
Batting: RHB Jamie Ogilvie
|
0-0: Foul Ball, location: 2F 0-1: Swinging Strike 0-2: Strikes out swinging
|
|
Batting: RHB Dylan Phillips
|
0-0: Ball 1-0: Ball 2-0: Foul Ball, location: 2F 2-1: Foul Ball, location: 2F 2-2: Foul Ball, location: 2F 2-2: Foul Ball, location: 2F 2-2: Ball 3-2: Ground out 4-3 (Groundball, 4, EV 88.8 MPH)
|
|
Batting: RHB Jose Ontiveros
|
0-0: SINGLE (Groundball, 6S, EV 66.2 MPH) (infield hit)
|
|
Batting: LHB Julio Canseco
|
0-0: Called Strike Jose Ontiveros steals 2nd base 0-1: Foul Ball, location: 2F 0-2: Fly out, F7 (Flyball, 78M, EV 72.5 MPH)
|
| Bottom of the 8th over - 0 runs, 1 hit, 0 errors, 1 left on base; Greenville 1 - Lansing 5 |
| TOP OF THE 9TH |
|
Greenville Drive batting - Pitching for Lansing Lugnuts : RHP Bill Couch
|
|
Pitching: LHP Nick Burnstein
|
|
|
Batting: RHB Bobby Schimke
|
0-0: Fly out, F7 (Flyball, 78M, EV 90.0 MPH)
|
|
Batting: RHB Ted Emmerich
|
0-0: Foul Ball, location: 2F 0-1: Ground out 4-3 (Groundball, 4, EV 77.5 MPH)
|
|
Batting: RHB Roger Mitchell
|
0-0: Called Strike 0-1: Called Strike 0-2: Ground out 5-3 (Groundball, 56S, EV 90.6 MPH)
|
| Top of the 9th over - 0 runs, 0 hits, 0 errors, 0 left on base; Greenville 1 - Lansing 5 |
|